 Dungeon Crawl Stone Soup version 0.30-a0-135-g630cfc4551 (webtiles) character file.

Game seed: 355581398698425936

34 funkygono the Firebug (level 3, 0/24 HPs)
             Began as a Demonspawn Fire Elementalist on Sept 20, 2022.
             Killed from afar by Terence (8 damage)
             ... with a puff of flame
             ... on level 2 of the Dungeon.
             The game lasted 00:03:13 (1310 turns).

funkygono the Firebug (DsFE)                        Turns: 1310, Time: 00:03:15

Health: 0/24       AC:  3    Str:  8    XL:     3   Next: 14%
Magic:  4/6        EV: 12    Int: 18    God:
Gold:   82         SH:  0    Dex: 13    Spells: 0/6 levels left

rFire   . . .      SeeInvis .    p - +0 dagger
rCold   + . .      Faith    .    (no shield)
rNeg    . . .      Spirit   .    a - +0 robe
rPois   .          Reflect  .    (no helmet)
rElec   .          Harm     .    (no cloak)
rCorr   .          Rampage  .    (no gloves)
Will    .....                    n - +0 pair of boots
Stlth   ++........               (no amulet)
HPRegen 0.08/turn                e - ring of protection from cold
MPRegen 0.10/turn                f - ring of flight

@: flying
A: hooves 1
a: no special abilities


You were on level 2 of the Dungeon.
You visited 1 branch of the dungeon, and saw 2 of its levels.

You collected 82 gold pieces.

Inventory:

Hand Weapons
 p - a +0 dagger (weapon)
Armour
 a - a +0 robe (worn)
 n - a +0 pair of boots (worn)
Jewellery
 e - a ring of protection from cold (left hand)
 f - a ring of flight (right hand)
 l - an amulet of guardian spirit
Scrolls
 c - 5 scrolls of teleportation {unknown}
 d - a scroll of enchant armour {unknown}
 h - 3 scrolls of identify {unknown}
 j - a scroll of brand weapon {unknown}
Potions
 b - a potion of magic
 g - a potion of curing {unknown}
 i - a potion of haste {unknown}
 k - 2 potions of attraction {unknown}
 m - a potion of heal wounds {unknown}
 o - a potion of brilliance {unknown}


   Skills:
 + Level 2.0 Dodging
 - Level 1.7 Stealth
 + Level 2.2 Spellcasting
 + Level 1.1 Conjurations
 + Level 3.5 Fire Magic


You couldn't memorise any spells.
You knew the following spells:

 Your Spells              Type           Power      Damage    Failure   Level
a - Foxfire               Conj/Fire      40%        2x1d6     7%          1
b - Scorch                Fire           28%        2d6       6%          2
c - Kindle Blastsparks    Fire/Tloc/Air  12%        2d11      32%         3

Your spell library contained the following spells:

 Spells                   Type           Power      Damage    Failure   Level
 Inner Flame              Hex/Fire       8%         N/A       26%         3
 Dazzling Flash           Conj/Hex       8%         N/A       38%         3
 Flame Wave               Conj/Fire      10%        2d6       56%         4
 Agony                    Necr           2%         N/A       99%         5
 Silence                  Hex/Air        1%         N/A       99%         5


Dungeon Overview and Level Annotations

Branches:
Dungeon (2/15)

Altars:

Annotations:
D:2 Terence


Innate Abilities, Weirdness & Mutations

You have large cloven feet.


Message History

Terence is heavily wounded.
Terence zaps a wand.
The puff of flame hits you!
You closely miss Terence.
Terence is heavily wounded.
Terence hits you with a +0 hand axe.
You hit Terence.
Terence is heavily wounded.
Terence closely misses you.
You hit Terence.
Terence is heavily wounded.
Terence barely misses you.
You barely miss Terence.
Terence is heavily wounded.
Terence is no longer more vulnerable to fire.
Terence says, "Don't bother to defend, it's pointless."
Terence hits you with a +0 hand axe.
* * * LOW HITPOINT WARNING * * *
You hit Terence but do no damage.
Terence is heavily wounded.
Terence barely misses you.
Casting: Scorch (safe; 6% risk of failure)
Confirm with . or Enter, or press ? or * to list all spells.
You conjure some foxfire!
Terence barely misses you.
Terence hits your foxfire with a +0 hand axe. x2
Unknown command.
You barely miss Terence.
Terence is heavily wounded.
The foxfire hits Terence.
Terence is heavily wounded.
The foxfire hits Terence but does no damage.
Terence is heavily wounded.
Terence closely misses you. Magic courses through your body.
Terence closely misses you.
Casting: Foxfire (safe; 7% risk of failure)
Confirm with . or Enter, or press ? or * to list all spells.
Flames lash Terence.
Terence is severely wounded.
Terence's fire resistance burns away.
Terence zaps a wand.
The puff of flame hits you!
You die...

#########.#.#.#
#.#.#.# #.#@#.#
#.....#
############.###
#..........#.#
#..........#.#####
#..........#.....##
#.......@@.'......#
#..........#####..#
#..........# .#
#..........# ..
#..........# .
#..........#
#..........#
#..........#
#..........#


You could see Terence (combustible).

Vanquished Creatures
  3 worms (D:2)
  2 ball pythons (D:1)
  3 endoplasms (D:1)
  A giant cockroach (D:1)
  4 goblins (D:1)
  4 hobgoblins
  A kobold (D:1)
  A quokka (D:1)
  A frilled lizard (D:1)
  4 rats
24 creatures vanquished.

Vanquished Creatures (others)
  82 foxfires
82 creatures vanquished.

Grand Total: 106 creatures vanquished

Notes
Turn   | Place    | Note
-------+----------+-------------------------------------------
     0 | D:1      | funkygono the Demonspawn Fire Elementalist began the quest
                  | for the Orb.
     0 | D:1      | Reached XP level 1. HP: 13/13 MP: 3/3
    54 | D:1      | Reached skill level 3 in Fire Magic
   317 | D:1      | Gained mutation: You have large cloven feet. [demonic
                  | ancestry]
   317 | D:1      | Reached XP level 2. HP: 19/19 MP: 1/5
   320 | D:1      | Learned a level 2 spell: Scorch
  1050 | D:2      | Reached XP level 3. HP: 24/24 MP: 0/6
  1054 | D:2      | Learned a level 3 spell: Kindle Blastsparks
  1194 | D:2      | Noticed Terence
  1310 | D:2      | Killed from afar by Terence

Illustrated notes

Levels and vault maps discovered:
D:1:      ncdulo_lavacross, layout_loops_cross
D:2:      layout_basic, hangedman_decor_clover_reticule, minmay_close_crescents,
          uniq_natasha, uniq_terence

Skill      XL: |  1  2 |
---------------+-------+-----
Fire Magic     | 3 |  3.5
Dodging        | 2 |  2.0
Stealth        | |  1.7
Spellcasting   | |  2.2
Conjurations   | |  1.1

Action                   || total
-------------------------++-------
Melee: Unarmed           ||     2
       Kick              ||     1
       Dagger            ||     8
 Cast: Foxfire           ||    46
       Scorch            ||     3
  Use: Potion            ||     1
Armor: Robe              ||     1
Dodge: Dodged            ||    11

Table legend: (Time is in decaauts)
 A = Elapsed time spent in this place.
 B = Non-inter-level travel time spent in this place.
 C = Inter-level travel time spent in this place.
 D = Time resting spent in this place.
 E = Time spent auto-exploring this place.
 F = Levels seen in this place.
 G = Mean time per level.
                   A        B        C        D        E       F      G
               +--------+--------+--------+--------+--------+-----+--------+
         Total |   1309 |   1278 |     31 |      0 |   1032 |   2 |  654.5 |
       Dungeon |   1309 |   1278 |     31 |      0 |   1032 |   2 |  654.5 |
               +--------+--------+--------+--------+--------+-----+--------+

Top non-repeatable levels by time:
     D:1: 1008 daAuts
     D:2: 301 daAuts
